 Dungeon Crawl Stone Soup version 0.25.1-2-g60ff931df9 (webtiles) character file.

Game seed: 2896824650984817080

1777 hawla the Cleaver (level 8, 0/106 HPs)
             Began as a Minotaur Berserker on Oct 18, 2020.
             Was a Priest of Trog.
             Slain by a hornet (7 damage)
             ... on level 7 of the Dungeon on Oct 19, 2020.
             The game lasted 00:11:41 (7238 turns).

hawla the Cleaver (Minotaur Berserker)              Turns: 7238, Time: 00:11:41

Health: 0/106      AC: 24    Str: 24    XL:     8   Next: 81%
Magic:  7/7        EV:  2    Int:  4    God:    Trog [***...]
Gold:   292        SH:  0    Dex: 10    Spells: 7/7 levels left

rFire    . . .     SeeInvis .   j - +2 mace (vorpal)
rCold    + . .     Gourm    .   (no shield)
rNeg     + + +     Faith    .   (armour currently unavailable)
rPois    +         Spirit   .   (helmet currently unavailable)
rElec    .         Reflect  .   (cloak currently unavailable)
rCorr    +         Harm     .   (gloves currently unavailable)
MR       .....     NoTele   +   (boots currently unavailable)
Stlth    +.........             (no amulet)
HPRegen  0.27/turn              s - ring of protection from cold
MPRegen  0.10/turn              v - ring of resist corrosion

@: tree-form
A: (retaliatory headbutt)
a: Berserk, Trog's Hand, Renounce Religion


You were on level 7 of the Dungeon.
You worshipped Trog.
Trog was most pleased with you.
You were not hungry.
You were a tree.
You visited 1 branch of the dungeon, and saw 7 of its levels.

You collected 292 gold pieces.

Inventory:

Hand Weapons
 a - a +0 war axe
 j - a +2 vorpal mace (weapon)
Missiles
 b - 6 boomerangs
 q - 2 throwing nets (quivered)
 B - 6 javelins
Armour
 m - a +0 ring mail (melded)
 n - a scarf of repulsion (melded)
 y - a +0 pair of gloves (melded)
 D - the +4 chain mail "Faoseij" {Stlth+, unknown}
   (You found it on level 6 of the Dungeon)

   It makes you more stealthy.
Jewellery
 h - a +6 ring of intelligence
 s - a ring of protection from cold (left branch)
 v - a ring of resist corrosion (right branch)
Wands
 z - a wand of digging (7)
Scrolls
 d - a scroll of magic mapping
 i - 4 scrolls of identify
 w - 2 scrolls of remove curse
 x - a scroll of random uselessness {unknown}
 C - 3 scrolls of teleportation
Potions
 e - 2 potions of mutation
 l - a potion of resistance {unknown}
 o - 2 potions of degeneration {unknown}
 p - a potion of magic {unknown}
 r - a potion of cancellation {unknown}
 t - 3 potions of stabbing {unknown}
 u - a potion of might {unknown}
 A - 3 potions of brilliance {unknown}
Comestibles
 c - 9 rations


   Skills:
 + Level 6.7 Fighting
 + Level 9.2(9.4) Axes
 + Level 2.8(6.5) Maces & Flails
 + Level 6.2 Armour
 * Level 6.1 Dodging


You had 7 spell levels left.
You didn't know any spells.
Your spell library was empty.

Dungeon Overview and Level Annotations

Branches:
Dungeon (7/15)             Temple (0/1) D:4

Altars:
Dithmenos
Hepliaklqana
Nemelex Xobeh
Okawaru
Qazlal
Vehumet
Xom
Yredelemnul


Innate Abilities, Weirdness & Mutations

((You reflexively headbutt those who attack you in melee.))
((You have a pair of horns on your head.))


Message History

* * * LOW HITPOINT WARNING * * *
The hornet barely misses you. You furiously retaliate!
You headbutt the hornet!
You feel yourself speed up. The bullfrog completely misses you.
The hornet barely misses you. The bullfrog barely misses you.
You feel better. The hornet stings you!
* * * LOW HITPOINT WARNING * * *
You feel yourself slow down. The bullfrog hits you.
* * * LOW HITPOINT WARNING * * *
The hornet closely misses you. You furiously retaliate!
You headbutt the hornet.
It was a potion of lignification.
You turn into a tree.
Your scarf of repulsion melds into your body.
Your +0 pair of gloves melds into your body.
Your +0 ring mail melds into your body.
The haze of the repulsion field disappears.
Your roots penetrate the ground.
You feel yourself speed up. The bullfrog completely misses you.
The hornet stings you!
You die...

##..........+..........#.....# .
##...##.....#..........#.....#
##...##.....#..........#.....#
#...........#>.........#.....#
#...........#..........+.....#
#....##...###..###...##########
##...##...###+####...#.........
##...#...............#.........
.....#..........♣F...'.........
##...##..........y...#.........
##...##'####...#######.........
.#...##...####'##......##########
.#...#.....#....#......#.....#...
.#...#.....#....#......'.....+...
##...#.....#....#......#.....#...
.#'####...##..###......#....##...
......##+###..#.......##....##...


You could see a hornet and a bullfrog.

Vanquished Creatures
  Joseph (D:7)
  A hippogriff (D:7)
  An ice beast (D:7)
  2 sky beasts
  A centaur (D:5)
  A crocodile (D:7)
  A scorpion (D:4)
  3 crimson imps
  A bullfrog zombie (D:5)
  A jelly (D:5)
  2 hounds
  An orc wizard (D:2)
  A bullfrog skeleton (D:7)
  2 orc priests (D:2)
  A gnoll shaman (D:5)
  3 iguanas
  A worker ant (D:4)
  A howler monkey skeleton (D:7)
  Robin (D:3)
  15 gnolls
  5 adders
  2 oozes
  An adder zombie (D:6)
  2 adder skeletons
  3 worms
  A dart slug (D:4)
  5 leopard geckos
  4 orcs
  5 bats
  5 giant cockroaches
  11 goblins
  6 hobgoblins
  3 jackals (D:1)
  2 quokkas
  2 ball pythons
  4 frilled lizards
  4 kobolds
  5 rats
111 creatures vanquished.

Notes
Turn   | Place    | Note
-------+----------+-------------------------------------------
     0 | D:1      | hawla the Minotaur Berserker began the quest for the Orb.
     0 | D:1      | Reached XP level 1. HP: 19/19 MP: 0/0
     6 | D:1      | Noticed a hog
     6 | D:1      | Noticed a black bear
     7 | D:1      | Noticed an anaconda
   223 | D:1      | Reached skill level 4 in Axes
   350 | D:1      | Reached XP level 2. HP: 20/27 MP: 1/1
   962 | D:2      | Reached XP level 3. HP: 31/33 MP: 2/2
  1066 | D:2      | Reached ** piety under Trog
  1071 | D:2      | Reached XP level 4. HP: 20/41 MP: 3/3
  1083 | D:2      | Reached skill level 5 in Axes
  1477 | D:2      | Reached XP level 5. HP: 42/47 MP: 4/4
  2356 | D:3      | Noticed Robin
  2364 | D:3      | Killed Robin
  2762 | D:4      | Found a staircase to the Ecumenical Temple.
  2768 | D:4      | Reached skill level 1 in Maces & Flails
  2794 | D:4      | Reached XP level 6. HP: 47/55 MP: 5/5
  2879 | D:4      | Reached skill level 6 in Axes
  3006 | D:4      | Reached skill level 5 in Fighting
  3043 | D:4      | Found a shimmering altar of Xom.
  3044 | D:4      | Found a hazy altar of Hepliaklqana.
  3047 | D:4      | Noticed a spectral ugly thing
  3427 | D:4      | Found a basalt altar of Yredelemnul.
  3427 | D:4      | Found a radiant altar of Vehumet.
  3461 | D:4      | Found a shadowy altar of Dithmenos.
  3627 | D:4      | Found an iron altar of Okawaru.
  3817 | D:5      | Entered Level 5 of the Dungeon
  3825 | D:5      | Reached *** piety under Trog
  4666 | D:5      | Reached XP level 7. HP: 59/61 MP: 6/6
  4818 | D:5      | Reached skill level 7 in Axes
  4879 | D:5      | Found a sparkling altar of Nemelex Xobeh.
  4905 | D:5      | Found a stormy altar of Qazlal.
  4985 | D:5      | Reached skill level 5 in Dodging
  5585 | D:6      | Got a dazzling chain mail
  6009 | D:7      | Noticed a hippogriff
  6018 | D:7      | Killed a hippogriff
  6018 | D:7      | Reached skill level 8 in Axes
  6018 | D:7      | Reached skill level 5 in Armour
  6018 | D:7      | Reached XP level 8. HP: 39/70 MP: 7/7
  6444 | D:7      | Noticed a hornet
  6771 | D:7      | Noticed Joseph
  6789 | D:7      | Killed Joseph
  6789 | D:7      | Reached skill level 9 in Axes
  7238 | D:7      | Slain by a hornet

Illustrated notes

Levels and vault maps discovered:
D:1:      onia_arrival_zoo_common, layout_rooms
D:2:      minmay_spotlight, layout_loops_ring, item_on_display_a
D:3:      layout_basic, feat_on_display, uniq_robin
D:4:      layout_loops_ring, okawaru_altar_gauntlet_db,
          regret_index_temple_of_mockery,
          nicolae_dithmenos_through_a_glass_darkly,
          gammafunk_temple_overflow_pools, minmay_temple_entry_grid,
          minmay_unequal
D:5:      minmay_bubble_buster, layout_basic, nicolae_qazlal_eye_of_the_storm,
          lemuel_coloured_pillars_altar, first_ration
D:6:      layout_basic
D:7:      layout_gridville, uniq_joseph

Skill      XL: |  1  2  3  4  5  6  7  8 |
---------------+-------------------------+-----
Axes           | 4 5 6 8 9 |  9.2
Fighting       | 4 5 6 |  6.7
Dodging        | 3 4 5 6 |  6.1
Maces & Flails | 1 2 |  2.8
Armour         | 3 5 6 |  6.2

Action                   |  1- 3 |  4- 6 |  7- 9 || total
-------------------------+-------+-------+-------++-------
Melee: Hand axe          |    62 |     1 |       ||    63
       Headbutt          |     2 |    17 |    15 ||    34
       Mace              |       |    20 |     8 ||    28
       War axe           |       |   106 |    90 ||   196
  Use: Scroll            |     3 |     6 |     5 ||    14
       Potion            |       |       |     4 ||     4
  Eat: Chunk             |       |     8 |     2 ||    10
       Ration            |       |     1 |     2 ||     3
Armor: Animal skin       |    10 |       |       ||    10
       Leather armour    |     6 |    10 |       ||    16
       Ring mail         |       |    18 |    42 ||    60
Dodge: Dodged            |    30 |    95 |    87 ||   212
